 Dungeon Crawl Stone Soup version 0.18-a0-921-g28655ce (webtiles) character file.

233 JokEr the Poker (level 6, -1/51 HPs)
             Began as a Merfolk Fighter on Dec 27, 2015.
             Slain by an orc priest
             ... wielding a +0 morningstar
              (6 damage)
             ... on level 4 of the Dungeon.
             The game lasted 00:11:27 (3815 turns).

JokEr the Poker (Merfolk Fighter)                   Turns: 3815, Time: 00:11:28

Health: -1/51      AC:  6    Str: 19      XL:     6   Next: 5%
Magic:  6/6        EV:  7    Int:  7      God:
Gold:   186        SH:  9    Dex: 11 (13) Spells: 0 memorised, 5 levels left

rFire  . . .     SeeInvis .     a - +0 trident
rCold  . . .     Gourm    .     b - +0 scale mail
rNeg   . . .     Faith    .     c - +0 shield
rPois  .         Spirit   .     (no helmet)
rElec  .         Dismiss  .     (no cloak)
rCorr  .         Reflect  .     (no gloves)
SustAt .         Harm     .     (no boots)
MR     .....                    (no amulet)
Stlth  +.........               (no ring)
                                k - ring of stealth

@: not resistant to hostile enchantments, very unstealthy
A: change form in water, swift swim
a: no special abilities


You were on level 4 of the Dungeon.
You were hungry.

You visited 1 branch of the dungeon, and saw 4 of its levels.

You collected 186 gold pieces.

Inventory:

Hand Weapons
 a - a +0 trident (weapon)
Armour
 b - a +0 scale mail (worn)
 c - a +0 shield (worn)
Jewellery
 k - a ring of stealth (left hand)
Scrolls
 e - a scroll of identify
Potions
 d - a potion of mutation
 o - a potion of magic
 s - a potion of lignification
Comestibles
 f - 6 bread rations
 g - a beef jerky
 h - 3 meat rations
 u - a royal jelly


   Skills:
 + Level 5.5 Fighting
 + Level 6.5 Polearms
 - Level 2.1 Armour
 - Level 3.0 Shields


You had 5 spell levels left.
You didn't know any spells.

Dungeon Overview and Level Annotations

Branches:
Dungeon (4/15)
 Temple: D:4-7

Altars:
Fedhas
Makhleb
Pakellas


Message History

You closely miss the orc priest. You block the orc priest's attack.
You completely miss the orc priest.
The orc priest calls down the wrath of Beogh upon you.
Something smites you!
You completely miss the orc priest.
The orc priest hits you with a morningstar.
You completely miss the orc priest.
The orc priest hits you with a morningstar!
* * * LOW HITPOINT WARNING * * *
You hit the orc priest.
The orc priest is moderately wounded.
The orc priest hits you with a morningstar!
* * * LOW HITPOINT WARNING * * *
You hit the orc priest.
The orc priest is heavily wounded.
The orc priest closely misses you.
You hit the orc priest.
The orc priest is severely wounded.
The orc priest hits you with a morningstar.
You die...

..# >........ #.. ...
##.####.# #... #.# #.# #...#
#.# #.. #...# #.# #######
### ###...####### #.#
#.....#
............###.######.....#
........†...[.(.#..........#
...>....†...##.o@<####.....#
#.......######......##.....#
#.#...#.# #.##........### #
#.#...#.# #.##...####.# ##
#.#...#.# #......####.# #.
#.......# #.##.....##.# #.
....#o### #.###..#.##.# #.
##.###.## #......#.##.# #.
#.## ##.##
......#.......#######.


You could see an orc priest.

Vanquished Creatures
  A hound (D:2)
  Jessica (D:3)
  A worker ant (D:4)
  3 gnolls (D:3)
  2 adders (D:2)
  An ooze (D:1)
  2 worms (D:2)
  4 giant geckos
  12 orcs
  6 bats
  2 giant cockroaches
  16 goblins
  10 hobgoblins
  2 giant newts
  13 kobolds
  9 rats
85 creatures vanquished.

Notes
Turn   | Place    | Note
--------------------------------------------------------------
     0 | D:1      | JokEr the Merfolk Fighter began the quest for the Orb.
     0 | D:1      | Reached XP level 1. HP: 18/18 MP: 1/1
   168 | D:1      | Reached XP level 2. HP: 24/24 MP: 2/2
   444 | D:1      | Reached skill level 4 in Polearms
   453 | D:1      | Reached XP level 3. HP: 30/30 MP: 3/3
  1162 | D:2      | Found an oddly glowing altar of Pakellas.
  1725 | D:2      | Reached skill level 5 in Polearms
  1725 | D:2      | Reached XP level 4. HP: 28/38 MP: 4/4
  1726 | D:2      | Found a burning altar of Makhleb.
  1832 | D:2      | Found a blossoming altar of Fedhas.
  2206 | D:2      | You fall through a shaft for 2 floors!
  2408 | D:3      | Reached skill level 5 in Fighting
  2423 | D:3      | Reached XP level 5. HP: 42/44 MP: 5/5
  2652 | D:3      | HP: 1/44 [poisoned by a kobold]
  2950 | D:3      | Noticed Jessica
  2968 | D:3      | Killed Jessica
  2968 | D:3      | Reached skill level 6 in Polearms
  3361 | D:4      | Reached XP level 6. HP: 45/51 MP: 6/6
  3465 | D:4      | HP: 1/51 [orc priest/divine providence (17)]
  3815 | D:4      | Slain by an orc priest

Vault maps used:
D:1:      scummos_arrival_checkerplants, minmay_misc_feat_five,
          kennysheep_doodads, serial_bayou_pond_b
D:2:      overflow_temple_1_default, nicolae_overflow_hidden_temple,
          first_bread, makhleb_heckhound_becter
D:3:      corexii_shack_village, minivault_25, uniq_jessica
D:4:      minmay_misc_feat_square

Action                   |  1- 3 |  4- 6 || total
-------------------------+-------+-------++-------
Melee: Trident           |   151 |   201 ||   352
  Use: Scroll            |       |     8 ||     8
       Potion            |       |     8 ||     8
  Eat: Chunk             |     2 |     7 ||     9
